 Dungeon Crawl Stone Soup version 0.25.0-37-gb73750e0fb (webtiles) character file.

Game seed: 1962905439514877749

119 ANON1729 the Skirmisher (level 5, -2/42 HPs)
             Began as a Formicid Abyssal Knight on July 9, 2020.
             Was a Follower of Lugonu.
             Killed from afar by an orc wizard (6 damage)
             ... with a magic dart
             ... on level 6 of the Dungeon.
             The game lasted 00:02:38 (1758 turns).

ANON1729 the Skirmisher (Formicid Abyssal Knight)   Turns: 1758, Time: 00:02:39

Health: -2/42      AC:  3    Str: 18    XL:     5   Next: 24%
Magic:  7/7        EV: 12    Int: 11    God:    Lugonu [*.....]
Gold:   175        SH:  0    Dex: 10    Spells: 4/4 levels left

rFire    . . .     SeeInvis +   a - +1 short sword
rCold    . . .     Gourm    .   (no shield)
rNeg     . . .     Faith    .   b - +0 leather armour
rPois    .         Spirit   .   (helmet unavailable)
rElec    .         Reflect  .   (no cloak)
rCorr    .         Harm     .   (no gloves)
MR       .....                  (no boots)
Stlth    +.........             (no amulet)
HPRegen  0.14/turn              (no ring)
MPRegen  0.10/turn              (no ring)

@: no status effects
A: permanent stasis, dig shafts and tunnels, four strong arms, antennae 3
a: Dig, Shaft Self, Depart the Abyss, Renounce Religion


You were on level 6 of the Dungeon.
You worshipped Lugonu.
Lugonu was aware of your devotion.
You were not hungry.

You visited 1 branch of the dungeon, and saw 4 of its levels.
You visited the Abyss 1 time.

You collected 175 gold pieces.

Inventory:

Hand Weapons
 a - a +1 short sword (weapon)
Armour
 b - a +0 leather armour (worn)
Wands
 r - a wand of paralysis (5)
Scrolls
 d - 4 scrolls of teleportation {unknown}
 f - 2 scrolls of random uselessness {unknown}
 g - 4 scrolls of identify {unknown}
 h - 2 scrolls of remove curse {unknown}
 j - 3 scrolls of enchant weapon {unknown}
 m - a scroll of fog {unknown}
 p - a scroll of immolation {unknown}
Potions
 e - a potion of ambrosia {unknown}
 i - a potion of haste {unknown}
 k - 3 potions of heal wounds {unknown}
 l - a potion of invisibility {unknown}
 n - a potion of curing {unknown}
 q - a potion of lignification {unknown}
Comestibles
 c - 3 rations
 o - a chunk of flesh


   Skills:
 + Level 4.0 Fighting
 + Level 2.8 Short Blades
 + Level 3.1 Armour
 + Level 1.9 Dodging
 + Level 3.3 Invocations


You had 4 spell levels left.
You didn't know any spells.
Your spell library was empty.

Dungeon Overview and Level Annotations

Branches:
Dungeon (3/15)

Altars:
The Shining One

Annotations:
D:3 1 runed translucent door, Ethylacetat's ghost, amateur OpGl
D:6 Menkaure


Innate Abilities, Weirdness & Mutations

You cannot be hasted, slowed, berserked, paralysed or teleported.
You can dig through walls and to a lower floor.
Your four strong arms can wield two-handed weapons with a shield.
You have a pair of large antennae on your head. (SInv)


Message History

You feel quite a bit more hungry.
You begin to dig a shaft.
You continue digging a shaft.
The worm closely misses you. A shaft appears beneath you!
You fall into a shaft and drop 3 floors!
The shaft crumbles and collapses.
A scorpion, an orc warrior, an orc wizard and Menkaure come into view.
The orc wizard is wielding a +0 dagger of venom.
Menkaure shouts!
The orc warrior shouts!
Found a scroll labeled GECZONOAPT.
An orc comes into view. It is wielding a +0 trident.
Menkaure gestures wildly while chanting.
Menkaure seems to speed up.
The orc wizard gestures at you while chanting.
The magic dart hits you!
* * * LOW HITPOINT WARNING * * *
An orc comes into view. It is wielding a +0 dagger.
The orc wizard points at you and mumbles some strange words.
The magic dart hits you.
You die...

).....#########
...............
...............
........?......
...............
...............
...............
.......@.......
...............
....o..........
..o........s...
...............
..o............
o..............
..M............
...............


You could see an orc warrior, Menkaure (fast), a scorpion, an orc wizard and 2
orcs.

Vanquished Creatures
  An orc priest (D:3)
  Jessica (D:2)
  2 adders (D:2)
  2 dart slugs
  An orc (D:3)
  7 bats
  3 giant cockroaches
  7 goblins
  5 hobgoblins
  3 kobolds (D:1)
  A quokka (D:3)
  3 frilled lizards
  8 rats
44 creatures vanquished.

Notes
Turn   | Place    | Note
-------+----------+-------------------------------------------
     0 | Abyss:1  | ANON1729 the Formicid Abyssal Knight began the quest for
                  | the Orb.
     0 | Abyss:1  | Reached XP level 1. HP: 18/18 MP: 2/2
    54 | Abyss:1  | Noticed an ancient zyme
    59 | Abyss:1  | Noticed a small abomination
    65 | Abyss:1  | Noticed a raiju
    68 | D:1      | Escaped the Abyss
   109 | D:1      | Reached skill level 1 in Dodging
   123 | D:1      | Reached XP level 2. HP: 24/24 MP: 3/3
   201 | D:1      | Reached * piety under Lugonu
   526 | D:1      | Found a glowing golden altar of the Shining One.
   569 | D:1      | Reached XP level 3. HP: 13/29 MP: 4/4
  1279 | D:2      | Found a faded altar of an unknown god.
  1321 | D:2      | Noticed Jessica
  1332 | D:2      | Killed Jessica
  1332 | D:2      | Reached XP level 4. HP: 28/37 MP: 6/6
  1708 | D:3      | Found a runed translucent door.
  1709 | D:3      | Noticed Ethylacetat's ghost (amateur OpGl)
  1751 | D:3      | Reached skill level 4 in Fighting
  1751 | D:3      | Reached XP level 5. HP: 11/42 MP: 7/7
  1755 | D:3      | You fall into a shaft and drop 3 floors!
  1755 | D:6      | Noticed Menkaure
  1755 | D:6      | Noticed an orc warrior
  1758 | D:6      | Killed from afar by an orc wizard

Illustrated notes

Levels and vault maps discovered:
D:1:      lightli_arrival_lavapool, layout_loops_ring, tso_altar
D:2:      layout_rooms, chequers_ecumenical_altar_simple, uniq_jessica
D:3:      layout_loops_ring, tgw_sif, ebering_ghost_sewer_f,
          serial_co_window_serial, co_window_paths_a, co_window_paths_a,
          co_window_paths_b, co_window_paths_a, co_window_of_opportunity_a,
          co_window_corner_ca, co_window_corner_b, co_window_corner_b,
          co_window_broadway_a, co_window_of_opportunity_c, co_window_4corner_b
D:6:      layout_basic, serial_shops, nicolae_shop_stone, uniq_menkaure

Skill      XL: |  1  2  3  4 |
---------------+-------------+-----
Dodging        | 1 |  1.9
Invocations    | 3 |  3.3
Armour         | 3 |  3.1
Fighting       | 4 |  4.0
Short Blades   | |  2.8

Action                   |  1- 3 |  4- 6 || total
-------------------------+-------+-------++-------
Melee: Short sword       |    98 |    55 ||   153
Invok: Depart the Abyss  |     1 |       ||     1
 Abil: Shaft Self        |       |     1 ||     1
Evoke: Wand              |       |     1 ||     1
 Stab: Paralysed         |       |     3 ||     3
  Eat: Chunk             |     1 |     2 ||     3
Armor: Leather armour    |    38 |     7 ||    45
Dodge: Dodged            |    61 |    29 ||    90
